 Dungeon Crawl Stone Soup version 0.23-a0-586-gacb4b3f (webtiles) character file.

6054 tatocazan the Cleaver (level 10, -7/94 HPs)
             Began as a Deep Dwarf Fighter on Dec 19, 2018.
             Was a Follower of Makhleb.
             Killed by divine providence
             ... invoked by an orc priest
              (14 damage)
             ... on level 11 of the Dungeon.
             The game lasted 00:16:24 (9386 turns).

tatocazan the Cleaver (Deep Dwarf Fighter)          Turns: 9386, Time: 00:16:25

Health: -7/94      AC: 10    Str: 23    XL:     10   Next: 57%
Magic:  3/3        EV:  9    Int:  8    God:    Makhleb [*.....]
Gold:   764        SH: 11    Dex: 13    Spells: 9/9 levels left

rFire    + . .     SeeInvis .   a - +0 war axe
rCold    . . .     Gourm    .   c - +0 shield
rNeg     . . .     Faith    +   d - +2 ring mail {rPois}
rPois    +         Spirit   .   z - +0 helmet
rElec    .         Reflect  .   (no cloak)
rCorr    .         Harm     .   (no gloves)
MR       +....                  (no boots)
Stlth    +.........             o - amulet of faith
HPRegen  0.00/turn              n - ring of poison resistance
MPRegen  0.08/turn              b - ring of protection from fire

@: non-regenerating
A: damage resistance, heal wounds, sense surroundings 2, no regeneration
a: Heal Wounds, Renounce Religion


You were on level 11 of the Dungeon.
You worshipped Makhleb.
Makhleb was aware of your devotion.
You were hungry.

You visited 2 branches of the dungeon, and saw 12 of its levels.

You collected 764 gold pieces.

Inventory:

Hand Weapons
 a - a +0 war axe (weapon)
 y - a +2 whip of holy wrath
Armour
 c - a +0 shield (worn)
 d - a +2 ring mail of poison resistance (worn)
 z - a +0 helmet (worn)
Jewellery
 b - a ring of protection from fire (right hand)
 n - a ring of poison resistance (left hand)
 o - an amulet of faith (around neck)
 J - an uncursed ring of stealth {unknown}
Wands
 v - a wand of polymorph (9)
 x - a wand of acid (18)
 L - a wand of flame (58)
Scrolls
 e - 2 scrolls of blinking {unknown}
 h - 10 scrolls of identify
 i - 8 scrolls of remove curse {unknown}
 m - a scroll of enchant armour {unknown}
 q - a scroll of noise {unknown}
 r - 2 scrolls of amnesia {unknown}
 u - 3 scrolls of fear {unknown}
 A - 2 scrolls of teleportation {unknown}
 B - 3 scrolls of fog {unknown}
 C - a scroll of vulnerability {unknown}
 F - 2 scrolls of acquirement {unknown}
 G - a scroll of random uselessness {unknown}
 H - a scroll of immolation {unknown}
Potions
 g - a potion of mutation {unknown}
 j - a potion of invisibility {unknown}
 k - 5 potions of curing
 l - 4 potions of degeneration {unknown}
 p - a potion of ambrosia {unknown}
 s - 2 potions of berserk rage {unknown}
 t - 2 potions of heal wounds {unknown}
 w - a potion of magic {unknown}
 D - 2 potions of haste {unknown}
 E - a potion of cancellation {unknown}
 I - a potion of lignification {unknown}
Comestibles
 f - 20 rations
 K - 5 chunks of flesh


   Skills:
 + Level 7.1 Fighting
 * Level 11.1 Axes
 + Level 8.5 Armour
 + Level 8.5 Shields
 + Level 2.0 Evocations


You had 9 spell levels left.
You didn't know any spells.
Your spell library contained the following spells:

 Spells                   Type           Power        Failure   Level  Hunger
 Beastly Appendage        Tmut           #.....       83%         1    ##.....
 Sticks to Snakes         Tmut           #.......     92%         2    ###....
 Spider Form              Tmut/Pois      #.........   99%         3    ####...
 Ice Form                 Ice/Tmut       #.......     100%        4    #####..
 Blade Hands              Tmut           #.........   100%        5    ######.


Dungeon Overview and Level Annotations

Branches:
Dungeon (11/15)            Temple (1/1) D:7
   Lair: D:8-11         Orc: D:9-12

Altars:
Ashenzari
Cheibriados
Dithmenos
Elyvilon
Fedhas
Gozag
Hepliaklqana
Kikubaaqudgha
Makhleb
Nemelex Xobeh
Okawaru
Qazlal
Ru
Sif Muna
Trog
Uskayaw
Vehumet
Wu Jian
Xom
Yredelemnul
Zin
The Shining One

Portals:
Trove: D:10 (give horn of Geryon)

Annotations:
D:3 2 runed doors, javamarket's ghost, amateur DEWz
D:7 1 runed door
D:10 2 runed doors, Foxy's ghost, novice DsFi


Innate Abilities, Weirdness & Mutations

You are resistant to damage.
You can heal yourself by infusing magical energy.
You passively map the area around you.
You do not regenerate.


Message History

You block the stone arrow.
You barely miss the gargoyle.
The gargoyle is severely damaged.
The gargoyle hurls a stone arrow at you.
The stone arrow hits you!
* * * LOW HITPOINT WARNING * * *
You take 8 damage, and have 28/94 hp.
The gargoyle hurls a stone arrow at you.
You block the stone arrow.
The orc priest looks encouraged for a moment.
The orc priest calls down the wrath of Beogh upon you.
Beogh smites you!
* * * LOW HITPOINT WARNING * * *
There is a stone staircase leading up here.
You take 12 damage, and have 16/94 hp.
The gargoyle hits you with a +1 flail of holy wrath!
* * * LOW HITPOINT WARNING * * *
The orc priest calls down the wrath of Beogh upon you.
Beogh smites you!
You die...

.....#. * ..>.... *
.......* *, ....... ,
.?..... * , .......*
.......##### *
....%...$..########
,%......###ooo9@.รท.##
....)(.
########..######## *
....... ##......... ,
....... ##########
....... ......# *
......, * * * * * * *,
*


You could see a gargoyle, an orc priest and 2 orcs.

Vanquished Creatures
  A two-headed ogre (D:8)
  A manticore (D:11)
  Joseph (D:7)
  A hippogriff (D:9)
  4 hogs (D:7)
  A human (D:7)
  Menkaure (D:4)
  A soldier ant (D:10)
  Duvessa (D:5)
  5 orc warriors
  An ice beast (D:9)
  A sky beast (D:7)
  A necrophage (D:9)
  5 ogres
  2 centaurs
  2 bullfrogs
  Blork the orc (D:4)
  Dowan (D:5)
  8 killer bees
  3 wights (D:9)
  A howler monkey (D:7)
  5 crimson imps
  2 quasits
  A centaur zombie (D:5)
  A jelly (D:6)
  A centaur skeleton (D:8)
  4 orc priests
  5 hounds
  5 iguanas
  9 orc wizards
  Ijyb (D:3)
  6 worker ants
  2 worker ant zombies
  A howler monkey skeleton (D:6)
  6 gnolls
  9 adders
  2 shadow imps (D:5)
  An adder skeleton (D:5)
  2 worms
  5 dart slugs
  3 leopard geckos
  33 orcs
  4 giant cockroaches
  2 gnoll zombies (D:7)
  9 goblins
  9 hobgoblins
  8 kobolds
  2 quokkas
  12 bats
  4 frilled lizards (D:2)
  A quokka skeleton (D:4)
  A quokka zombie (D:4)
  6 rats
205 creatures vanquished.

Notes
Turn   | Place    | Note
-------+----------+-------------------------------------------
     0 | D:1      | tatocazan the Deep Dwarf Fighter began the quest for the
                  | Orb.
     0 | D:1      | Reached XP level 1. HP: 20/20 MP: 1/1
    96 | D:1      | Reached XP level 2. HP: 27/27 MP: 2/2
   653 | D:1      | Reached skill level 3 in Axes
   653 | D:1      | Reached XP level 3. HP: 22/33 MP: 3/3
  1021 | D:2      | Found a hazy altar of Hepliaklqana.
  1596 | D:2      | Reached XP level 4. HP: 25/42 MP: 4/4
  2287 | D:3      | Noticed Ijyb
  2297 | D:3      | Killed Ijyb
  2340 | D:3      | Found a large runed door.
  2340 | D:3      | Found a large runed door.
  2619 | D:3      | Noticed javamarket's ghost (amateur DEWz)
  2648 | D:4      | Reached skill level 4 in Axes
  2648 | D:4      | Reached XP level 5. HP: 43/49 MP: 5/5
  2886 | D:4      | Noticed Blork the orc
  2900 | D:4      | Killed Blork the orc
  2900 | D:4      | Reached XP level 6. HP: 13/57 MP: 6/6
  2929 | D:4      | Reached skill level 5 in Axes
  3031 | D:4      | Noticed Menkaure
  3055 | D:4      | Killed Menkaure
  3264 | D:5      | Entered Level 5 of the Dungeon
  3315 | D:5      | Reached XP level 7. HP: 24/64 MP: 7/7
  3466 | D:5      | Reached skill level 5 in Shields
  3537 | D:5      | Reached skill level 5 in Armour
  3599 | D:5      | Reached skill level 6 in Axes
  3773 | D:5      | Found a glowing silver altar of Zin.
  3818 | D:5      | Found a radiant altar of Vehumet.
  4040 | D:5      | Noticed Duvessa
  4046 | D:5      | Noticed Dowan
  4055 | D:5      | Killed Duvessa
  4057 | D:5      | Killed Dowan
  4087 | D:5      | Reached XP level 8. HP: 35/73 MP: 7/7
  4319 | D:6      | Found a hide-covered altar of Uskayaw.
  4460 | D:6      | Reached skill level 7 in Axes
  4722 | D:6      | Reached skill level 5 in Fighting
  5399 | D:7      | Reached skill level 8 in Axes
  5555 | D:7      | Gained mutation: You passively map the area around you.
                  | [Deep Dwarf growth]
  5555 | D:7      | Reached XP level 9. HP: 53/81 MP: 7/7
  5921 | D:7      | Noticed Joseph
  5960 | D:7      | HP: 2/81 [orc warrior/+0 scimitar (7)]
  5995 | D:7      | Killed Joseph
  5995 | D:7      | Reached skill level 9 in Axes
  6073 | D:7      | Found a staircase to the Ecumenical Temple.
  6087 | Temple   | Entered the Ecumenical Temple
  6262 | Temple   | Became a worshipper of Makhleb the Destroyer
  6408 | D:7      | Found a basalt altar of Yredelemnul.
  6639 | D:7      | Found a runed door.
  6640 | D:7      | Found a glowing silver altar of Zin.
  6640 | D:7      | Noticed an angel
  6699 | D:7      | Found a shadowy altar of Dithmenos.
  6920 | D:7      | Reached skill level 10 in Axes
  7270 | D:8      | Noticed a two-headed ogre
  7285 | D:8      | Killed a two-headed ogre
  7285 | D:8      | Reached XP level 10. HP: 34/92 MP: 4/4
  7341 | D:8      | Found a blossoming altar of Fedhas.
  8050 | D:9      | Reached * piety under Makhleb
  8427 | D:10     | Entered Level 10 of the Dungeon
  8677 | D:10     | Reached skill level 1 in Evocations
  8855 | D:10     | Found a portal to a secret trove of treasure.
  8893 | D:10     | Found a large runed door.
  8893 | D:10     | Found a large runed door.
  8897 | D:10     | Noticed Foxy's ghost (novice DsFi)
  9312 | D:11     | Noticed a manticore
  9317 | D:11     | Killed a manticore
  9317 | D:11     | Reached skill level 11 in Axes
  9347 | D:11     | Noticed a gargoyle
  9386 | D:11     | Killed from afar by an orc priest

Vault maps used:
D:1:      minmay_arrival_loop, serial_bayou_lake_a
D:2:      lemuel_round_altar
D:3:      first_ration, ebering_ghost_disaster_area, uniq_ijyb
D:4:      dk_noncrumbling_4, corexii_item_surrounded_by_moat, uniq_menkaure,
          uniq_blork_the_orc
D:5:      lemuel_crystal_altar, nicolae_overflow_crystal_walls, uniq_duvessa
D:6:      eat_drink_and_be_merry_uskayaw
D:7:      kennysheep_little_box, lemuel_zombie_altar_yredelemnul,
          minmay_temple_entry_sparse_star, grunt_livestock, lemuel_angel_altar,
          uniq_joseph
D:8:      fedhas_altar_1
D:10:     ebering_ghost_disaster_area, enter_trove_6
D:11:     erik_lair_dragon, serial_shops, bzr_in_the_mist, uniq_fannar,
          uniq_psyche
Temple:   eino_temple_rhombus

Skill      XL: |  1  2  3  4  5  6  7  8  9 10 |
---------------+-------------------------------+-----
Axes           | 3 4 5 6 8 10 11 | 11.1
Fighting       | 3 4 5 6 7 |  7.1
Armour         | 4 5 6 7 8 |  8.5
Shields        | 4 5 6 7 8 |  8.5
Evocations     | 2 |  2.0

Action                   |  1- 3 |  4- 6 |  7- 9 | 10-12 || total
-------------------------+-------+-------+-------+-------++-------
Melee: War axe           |   158 |   159 |   446 |   164 ||   927
       Unarmed           |       |       |     5 |       ||     5
 Abil: Heal Wounds       |     1 |     4 |    29 |     5 ||    39
Evoke: Wand              |       |       |     7 |     5 ||    12
  Use: Scroll            |     1 |       |       |       ||     1
       Potion            |       |       |     1 |       ||     1
  Eat: Chunk             |     3 |     5 |    11 |     6 ||    25
       Ration            |       |       |     1 |       ||     1
Armor: Scale mail        |    92 |    75 |   138 |       ||   305
       Skin              |       |       |     1 |       ||     1
       Ring mail         |       |       |    29 |    46 ||    75
Dodge: Dodged            |    58 |    41 |   150 |    59 ||   308
Block: Shield            |    86 |    74 |   279 |   105 ||   544

Table legend:
 A = Non-vault XP
 B = Vault XP
 C = Vault XP percentage of total XP
 D = Non-vault monster count
 E = Vault monster count
 F = Vault count percentage of total count
                 A         B        C        D         E       F
            +---------+---------+-------+---------+---------+-------
      Total |    6686 |    1963 |  22.7 |     192 |      13 |   6.3
            +---------+---------+-------+---------+---------+-------
        D:1 |      43 |       0 |   0.0 |      21 |       0 |   0.0
        D:2 |      81 |       0 |   0.0 |      30 |       0 |   0.0
        D:3 |      32 |      36 |  52.9 |      11 |       1 |   8.3
        D:4 |     265 |     256 |  49.1 |      17 |       2 |  10.5
        D:5 |     612 |     226 |  27.0 |      28 |       2 |   6.7
        D:6 |     551 |       0 |   0.0 |      15 |       0 |   0.0
        D:7 |    1497 |    1445 |  49.1 |      31 |       8 |  20.5
        D:8 |    1107 |       0 |   0.0 |       6 |       0 |   0.0
        D:9 |    1299 |       0 |   0.0 |      21 |       0 |   0.0
       D:10 |     553 |       0 |   0.0 |       7 |       0 |   0.0
       D:11 |     646 |       0 |   0.0 |       5 |       0 |   0.0
            +---------+---------+-------+---------+---------+-------
